 Dungeon Crawl Stone Soup version 0.31-a0-705-ga145531891 (webtiles) character file.

Game seed: 3620037415149320106

4740 Dirtsage the Grappler (level 10, -7/74 (98) HPs)
             Began as a Troll Shapeshifter on Sept 9, 2023.
             Was a Believer of Uskayaw.
             Mangled by a gnoll
             ... wielding a +3 halberd of draining
              (16 damage)
             ... in a bailey.
             The game lasted 00:15:05 (5794 turns).

Dirtsage the Grappler (Troll Shapeshifter)          Turns: 5794, Time: 00:15:05

HP:   -7/74 (98)    AC:  4    Str: 24    XL:     10   Next: 22%
MP:   11/11         EV:  8    Int:  8    God:    Uskayaw [**....]
Gold: 1949          SH:  7    Dex: 11    Spells: 5/9 levels left

rFire   . .          .
                       - Unarmed
rCold   . . .        F - +0 kite shield
rNeg    . . .        a - +0 animal skin
rPois   .            (helmet currently unavailable)
rElec   .            (cloak currently unavailable)
rCorr   .            (gloves unavailable)
SInv    .            (boots unavailable)
Will    .....        (no amulet)
Stlth   +            (no ring)
HPRegen 1.12/turn    (no ring)
MPRegen 0.12/turn

%: no passive effects
@: beast-form, heavily drained
A: beast (slay +4), large, unfitting armour, claws 3, regeneration 1, shaggy fur
1, tough skin 1
a: Begin Untransformation, Renounce Religion, Stomp, Line Pass


You were in a bailey.
You worshipped Uskayaw.
Uskayaw was noncommittal.
You were a hulking beast.
You visited 2 branches of the dungeon, and saw 9 of its levels.
You also visited: Bailey.

You collected 1949 gold pieces.

Inventory:

Armour
 a - a +0 animal skin (worn)
 E - a +0 cloak
 F - a +0 kite shield (worn)
Jewellery
 u - a ring of ice
 x - an amulet of Papeymyir {RegenMP Drain Will+ Str+5}
   (You took it off an orc wizard on level 4 of the Dungeon)

   [amulet of magic regeneration]

   RegenMP:   It increases your rate of magic regeneration.
   Str+5:     It affects your strength (+5).
   Will+:     It increases your willpower.
   Drain:     It drains your maximum health when unequipped.
 A - an amulet of magic regeneration
 W - a ring of wizardry
Talismans
 c - a beast talisman (active)
 o - a flux talisman
 C - a maw talisman
Wands
 q - a wand of polymorph (7)
 w - a wand of iceblast (5)
 D - a wand of digging (8)
 G - a wand of charming (10)
Scrolls
 b - a scroll of summoning
 g - a scroll of fear
 i - a scroll of identify
 k - 3 scrolls of brand weapon
 m - 3 scrolls of revelation
 n - a scroll of vulnerability
 t - 4 scrolls of teleportation
 y - a scroll of torment
 z - a scroll of amnesia
 B - a scroll of fog
Potions
 d - 2 potions of might {unknown}
 e - 4 potions of heal wounds {unknown}
 f - a potion of degeneration {unknown}
 h - 4 potions of haste
 j - 4 potions of curing {unknown}
 l - 2 potions of attraction
 p - 2 potions of invisibility {unknown}
 r - a potion of magic {unknown}
 s - 3 potions of enlightenment {unknown}
 v - a potion of mutation {unknown}
 H - 2 potions of brilliance {unknown}
 I - a potion of cancellation {unknown}


   Skills:
 + Level 5.9 Fighting
 - Level 1.5 Dodging
 * Level 1.9 Shields
 + Level 10.3 Unarmed Combat
 + Level 2.0 Translocations
 * Level 3.6 Invocations
 - Level 7.0 Shapeshifting


You had 5 spell levels left.
You knew the following spells:

 Your Spells              Type           Power      Damage    Failure   Level
a - Manifold Assault      Tloc           3%         N/A       99%         4

Your spell library contained the following spells:

 Spells                   Type           Power      Damage    Failure   Level
 Blink                    Tloc           6%         N/A       54%         2
 Sting                    Tmut/Pois      0%         1d3       69%         1
 Summon Small Mammal      Summ           0%         N/A       69%         1
 Poisonous Vapours        Pois/Air       0%         N/A       83%         2
 Call Canine Familiar     Summ           0%         N/A       96%         3
 Summon Guardian Golem    Hex/Summ       0%         N/A       96%         3
 Olgreb's Toxic Radiance  Pois           0%         N/A       100%        4


Dungeon Overview and Level Annotations

Branches:
Dungeon (8/15)             Temple (1/1) D:6          Bailey (1/1)
   Lair: D:8-11

Altars:
Dithmenos
Elyvilon
Fedhas
Hepliaklqana
Kikubaaqudgha
Makhleb
Okawaru
Qazlal
Ru
Sif Muna
Trog
Uskayaw
Vehumet
Wu Jian
Xom
Yredelemnul
Zin
The Shining One

Shops:
D:1 *

Portals:
Abyss: D:4

Annotations:
D:4 4 runed translucent doors


Innate Abilities, Weirdness & Mutations

You are a hulking beast.
Your limbs bulge with bestial killing power. (Slay +4)
You are too large for most types of armour.
You have claws for hands.
Your natural rate of healing is unusually fast.
You are covered in fur. (AC +1)
You have tough skin. (AC +1)


Message History

You scratch the orc warrior but do no damage.
The orc warrior is moderately wounded.
You block the orc warrior's attack. The gnoll barely misses you.
You mangle the orc warrior!!
The orc warrior is almost dead.
The orc warrior hits you with a +2 halberd of electrocution!
You block the gnoll's attack.
You can now pass through a line of other dancers.
You take 7 damage, and have 43/79 hp.
You claw the orc warrior!
You kill the orc warrior!
The gnoll barely misses you.
An orc comes into view. It is wielding a +0 halberd.
The gnoll barely misses you.
The gnoll hits you from afar with a +3 halberd of draining!
You feel drained.
There is an open door, spattered with blood here.
Things that are here:
a +2 halberd of electrocution; a +0 plate armour You take 5 damage, and have 39/80 hp.
You closely miss the gnoll.
The orc shouts!
The gnoll misses you.
The gnoll hits you from afar with a +3 halberd of draining!
You feel drained.
* * * LOW HITPOINT WARNING * * *
You take 17 damage, and have 22/77 hp.
MASSIVE DAMAGE!!
You claw the gnoll!
You kill the gnoll!
The gnoll hits you from afar with a +3 halberd of draining!
* * * LOW HITPOINT WARNING * * *
You feel drained.
* * * LOW HITPOINT WARNING * * *
You take 15 damage, and have 7/74 hp.
MASSIVE DAMAGE!!
The gnoll attacks as it pursues you! The gnoll barely misses you.
Things that are here:
a +1 halberd of draining; a gnoll corpse The gnoll attacks as it pursues you!
The gnoll hits you from afar with a +3 halberd of draining!
You die...

##### ### ###
#)g)###)###)#
#g###h##'##'##
o!# ##.....##
!g!.
###.....###
+!.⌠.
#.'..⌠).).#
#.!.!
###.)...###
#!.! ##.....##
+##+
+###'##'##'##
#g#.###.###.#
##### ### #)#


You could see a gnoll.

Vanquished Creatures
  Pikel (D:4)
  A komodo dragon (D:6)
  A hornet (D:5)
  Grinder (D:3)
  The ghost of DEFE the Cutter, an amateur DESh (D:4)
  Sigmund (D:3)
  A wyvern (D:8)
  A vampire (D:6)
  Eustachio (D:5)
  2 vampire mosquitoes (D:6)
  A water moccasin (D:6)
  Duvessa (D:4)
  An orc warrior (Bailey)
  An ice beast (D:6)
  An ogre (D:5)
  3 phantoms (D:6)
  2 bullfrogs
  A gnoll sergeant (D:6)
  3 scorpions
  5 wights (D:7)
  Dowan (D:4)
  4 killer bees (D:6)
  A howler monkey (D:4)
  6 jellies
  2 orc priests (D:6)
  3 hounds
  A gnoll bouda (D:6)
  A sleepcap (D:7)
  7 orc wizards
  4 iguanas
  13 gnolls
  10 adders
  A shadow imp (D:5)
  A white imp (D:4)
  2 ufetubi
  3 worms
  3 dart slugs (D:4)
  31 orcs
  3 endoplasms
  3 giant cockroaches
  12 goblins
  11 hobgoblins
  7 jackals
  4 quokkas
  5 ball pythons
  5 bats
  A frilled lizard (D:1)
  12 kobolds
  3 rats
190 creatures vanquished.

Notes
Turn   | Place    | Note
-------+----------+-------------------------------------------
     0 | D:1      | Dirtsage the Troll Shapeshifter began the quest for the
                  | Orb.
     0 | D:1      | Reached XP level 1. HP: 18/18 MP: 0/0
   139 | D:1      | Reached skill level 1 in Fighting
   181 | D:1      | Reached XP level 2. HP: 27/27 MP: 1/1
   242 | D:1      | Found Wuniwuso's General Store.
   579 | D:1      | Reached XP level 3. HP: 33/33 MP: 2/2
  1021 | D:2      | Reached skill level 4 in Unarmed Combat
  1173 | D:2      | Found a faded altar of an unknown god.
  1510 | D:3      | Reached XP level 4. HP: 35/41 MP: 3/3
  1787 | D:3      | Noticed Sigmund
  1798 | D:3      | Killed Sigmund
  1799 | D:3      | Reached skill level 5 in Unarmed Combat
  1799 | D:3      | Reached XP level 5. HP: 28/50 MP: 4/4
  1929 | D:3      | Noticed Grinder
  1937 | D:3      | Killed Grinder
  1938 | D:3      | Reached XP level 6. HP: 59/59 MP: 5/5
  2153 | D:3      | Identified a scroll of acquirement
  2154 | D:3      | Acquired 1160 gold pieces
  2251 | D:4      | Noticed a two-headed ogre
  2272 | D:4      | Noticed Dowan
  2272 | D:4      | Noticed Duvessa
  2287 | D:4      | Killed Duvessa
  2288 | D:4      | Reached skill level 6 in Unarmed Combat
  2288 | D:4      | Reached XP level 7. HP: 54/67 MP: 6/6
  2289 | D:4      | Killed Dowan
  2495 | D:4      | Found a one-way gate to the infinite horrors of the Abyss.
  2495 | D:4      | Noticed DEFE's ghost (amateur DESh)
  2504 | D:4      | Found a transporter.
  2542 | D:4      | Found a transporter.
  2628 | D:4      | Killed DEFE's ghost
  2695 | D:4      | Noticed Pikel
  2716 | D:4      | Killed Pikel
  2717 | D:4      | Reached skill level 7 in Unarmed Combat
  2717 | D:4      | Reached skill level 5 in Shapeshifting
  2717 | D:4      | Reached XP level 8. HP: 41/78 MP: 7/7
  2778 | D:4      | Found a large runed translucent door.
  2778 | D:4      | Found a large runed translucent door.
  2795 | D:4      | Found a large runed translucent door.
  2795 | D:4      | Found a large runed translucent door.
  2850 | D:4      | Identified an amulet of Papeymyir {RegenMP Drain Will+
                  | Str+5}
  2992 | D:4      | Reached skill level 8 in Unarmed Combat
  3189 | D:5      | Entered Level 5 of the Dungeon
  3407 | D:5      | Noticed Eustachio
  3411 | D:5      | Killed Eustachio
  3413 | D:5      | Noticed a hornet
  3421 | D:5      | Killed a hornet
  3471 | D:5      | Reached skill level 9 in Unarmed Combat
  3471 | D:5      | Reached XP level 9. HP: 78/87 MP: 8/8
  3865 | D:6      | Reached skill level 5 in Fighting
  3957 | D:6      | Found a basalt altar of Yredelemnul.
  4500 | D:6      | Found a glowing golden altar of the Shining One.
  4516 | D:6      | Found a staircase to the Ecumenical Temple.
  4522 | Temple   | Entered the Ecumenical Temple
  4555 | Temple   | Became a worshipper of Uskayaw the Reveller
  4698 | D:6      | Learned a level 4 spell: Manifold Assault
  4785 | D:7      | Reached * piety under Uskayaw
  4887 | D:7      | Reached ** piety under Uskayaw
  4889 | D:7      | Reached skill level 1 in Invocations
  4890 | D:7      | Reached *** piety under Uskayaw
  4892 | D:7      | Reached **** piety under Uskayaw
  4897 | D:7      | Reached ***** piety under Uskayaw
  5083 | D:6      | Noticed a boulder beetle
  5086 | D:6      | Reached skill level 1 in Translocations
  5189 | D:6      | Reached skill level 10 in Unarmed Combat
  5300 | D:6      | Noticed a komodo dragon
  5308 | D:6      | Killed a komodo dragon
  5309 | D:6      | Reached XP level 10. HP: 74/98 MP: 11/11
  5310 | D:6      | Reached skill level 1 in Shields
  5565 | D:8      | Found a flagged portal.
  5581 | Bailey   | Entered a bailey
  5794 | Bailey   | Mangled by a gnoll

Illustrated notes

Levels and vault maps discovered:
D:1:      kilobyte_arrival_exit_the_forest, layout_loops_ring, serial_shops,
          nicolae_shop_pleasant_corner_grove
D:2:      layout_basic, shapermc_ecumenical_altar_starsandcircs,
          kennysheep_boxes
D:3:      layout_loops_ring, supply_closet_lemuel, uniq_sigmund, uniq_grinder
D:4:      layout_basic, gammafunk_ghost_abyssal_escape,
          minmay_hollow_rounded_squares, uniq_duvessa, uniq_pikel
D:5:      layout_cave_pools, nicolae_kite_square_tiling_tiny, uniq_eustachio
D:6:      minmay_klotski, layout_basic, mainiacjoe_overflow_24_doors,
          general_overflow_altar, minmay_temple_entry_gardened_gates,
          corexii_shack
D:7:      layout_basic
D:8:      layout_rooms, kennysheep_little_box, nicolae_ashenzari_panopticon,
          enter_bailey_4, nzn_life_drinkers, uniq_maurice, uniq_prince_ribbit1,
          uniq_maggie, uniq_erica
Temple:   nicolae_temple_slightly_damp_pantheon
Bailey:   bailey_polearm_nasty_gnolls, bailey

Skill      XL: |  1  2  3  4  5  6  7  8  9 10 |
---------------+-------------------------------+-----
Fighting       | 1 2 3 4 5 |  5.9
Unarmed Combat | 4 5 6 7 9 10 | 10.3
Shapeshifting  | 4 5 6 7 |  7.0
Invocations    | 3 |  3.6
Translocations | 1 2 |  2.0
Shields        | 1 |  1.9
Dodging        | |  1.5

Action                     |  1- 3 |  4- 6 |  7- 9 | 10-12 || total
---------------------------+-------+-------+-------+-------++-------
  Melee: Unarmed           |   107 |    42 |   234 |    65 ||   448
         Punch             |     3 |     1 |     7 |       ||    11
    Use: Scroll            |       |     7 |     7 |       ||    14
         Potion            |       |       |     1 |       ||     1
   Stab: Sleeping          |     1 |       |     2 |     1 ||     4
         Paralysed         |       |       |     7 |     1 ||     8
 Armour: Animal skin       |    59 |    18 |   128 |    51 ||   256
         Skin              |       |       |    12 |       ||    12
  Dodge: Dodged            |    36 |    13 |    67 |    29 ||   145
  Block: Kite shield       |       |       |     1 |    32 ||    33

Table legend: (Time is in decaauts)
 A = Elapsed time spent in this place.
 B = Non-inter-level travel time spent in this place.
 C = Inter-level travel time spent in this place.
 D = Time resting spent in this place.
 E = Time spent auto-exploring this place.
 F = Levels seen in this place.
 G = Mean time per level.
                   A        B        C        D        E       F      G
               +--------+--------+--------+--------+--------+-----+--------+
         Total |   5740 |   5471 |    269 |      0 |   4332 |  10 |  574.0 |
       Dungeon |   5475 |   5226 |    249 |      0 |   4194 |   8 |  684.4 |
        Temple |     54 |     34 |     20 |      0 |      0 |   1 |   54.0 |
        Bailey |    210 |    210 |      0 |      0 |    138 |   1 |  210.0 |
               +--------+--------+--------+--------+--------+-----+--------+

Top non-repeatable levels by time:
     D:6: 1144 daAuts
     D:4: 936 daAuts
     D:1: 896 daAuts
     D:3: 782 daAuts
     D:5: 614 daAuts
     D:2: 554 daAuts
     D:7: 495 daAuts
  Bailey: 210 daAuts
  Temple: 54 daAuts
     D:8: 51 daAuts
